AoeStats
← [La14]Uvita

Arabia

509021284Analyzed
1v1 RM · 8d ago on Sep 25, 2026· 61m 57s· 2 players
Game mode
Random Map
Map size
Tiny (2 player)
Population
200
Speed
Normal
Resources
Standard
Victory
Conquest
Starting age
Dark Age
Ending age
Imperial Age
RankedLock teamsTeams togetherTeam positionsShared explorationLock speedFull tech treeHidden civsTurbo modeCheats
Victory
Defeat
🇲🇽 Franks · Mexico
886
+15
🇦🇷 Magyars · Argentina
873
-15
[La14]Uvita
6:18 Loom
9:47 Feudal Age
10:26 Double-Bit Axe
10:24 Horse Collar
18:02 Gold Mining
19:31 Wheelbarrow
22:23 Castle Age
21:39 Scale Barding Armor
21:25 Fletching
22:52 Pikeman
26:41 Chain Barding Armor
27:43 Bloodlines
27:32 Elite Skirmisher
28:51 Bow Saw
29:23 Wheelbarrow
30:57 Scale Mail Armor
33:37 Town Watch
34:03 Husbandry
35:06 Padded Archer Armor
40:56 Chain Mail Armor
41:33 Heavy Plow
41:30 Stone Mining
44:09 Ballistics
45:10 Thumb Ring
45:55 Fervor
46:18 Sanctity
47:52 Bodkin Arrow
48:14 Leather Archer Armor
53:13 Imperial Age
52:43 Careening
54:37 Parthian Tactics
54:20 Bracer
55:46 Plate Barding Armor
56:47 Hand Cart
58:04 Ring Archer Armor
57:59 Halberdier
59:18 Crossbowman
61:12 Cavalier
Pepe_MR7
8:15 Loom
10:26 Feudal Age
20:16 Forging
25:07 Castle Age
25:15 Scale Barding Armor
25:07 Double-Bit Axe
32:35 Wheelbarrow
31:46 Town Watch
33:26 Iron Casting
33:11 Chain Barding Armor
33:35 Gold Mining
34:07 Bow Saw
38:26 Husbandry
42:35 Hand Cart
44:05 Town Patrol
45:45 Gold Shaft Mining
45:00 Stone Mining
45:15 Fletching
45:26 Padded Archer Armor
45:50 Ballistics
51:29 Imperial Age
49:44 Bodkin Arrow
50:05 Leather Archer Armor
53:21 Blast Furnace
51:56 Cavalier
54:04 Plate Barding Armor
53:50 Chivalry
54:45 Conscription
55:43 Chemistry
55:47 Elite Throwing Axeman
59:39 Chivalry
60:15 Hoardings
Connection lost

Rejoining the realm…

Still unreachable

The connection could not be restored.

Session expired

The server has moved on; the page needs a fresh start.